 Dungeon Crawl Stone Soup version 0.23-a0-643-g9ccc95a (webtiles) character file.

6730 Gorice the Fighter (level 10, -2/84 (85) HPs)
             Began as a Demonspawn Wanderer on Dec 31, 2018.
             Was an Elder of Okawaru.
             Slain by a komodo dragon (16 damage)
             ... on level 9 of the Dungeon.
             The game lasted 00:44:38 (9568 turns).

Gorice the Fighter (Demonspawn Wanderer)            Turns: 9568, Time: 00:44:38

HP:   -2/84 (85)    AC: 22    Str: 15    XL:     10   Next: 75%
MP:   9/11          EV:  7    Int: 15    God:    Okawaru [****..]
Gold: 490           SH:  0    Dex: 12    Spells: 9/9 levels left

rFire    . . .     SeeInvis .   a - +2 short sword (elec)
rCold    + . .     Gourm    .   (no shield)
rNeg     . . .     Faith    .   H - +0 plate armour
rPois    .         Spirit   .   I - +2 hat
rElec    .         Reflect  .   (no cloak)
rCorr    .         Harm     .   A - +0 pair of gloves
MR       .....                  (no boots)
Stlth    ..........             (no amulet)
HPRegen  0.24/turn              F - ring of flight
MPRegen  0.12/turn              (no ring)

@: heroism
A: horns 1, slimy green scales 2, cold resistance 1, powered by death 1,
freezing cloud immunity
a: Heroism, Renounce Religion, Evoke Flight


You were on level 9 of the Dungeon.
You worshipped Okawaru.
Okawaru was greatly pleased with you.
You were not hungry.

You visited 2 branches of the dungeon, and saw 10 of its levels.

You collected 490 gold pieces.

Inventory:

Hand Weapons
 a - a +2 short sword of electrocution (weapon)
   (You took it off a kobold on level 1 of the Dungeon)
 b - a +1 shortbow
 h - a +2 hand axe of flaming
   (You took it off a big kobold on level 9 of the Dungeon)
 o - a cursed +5 battleaxe
 p - a +2 dagger
 t - a +3 morningstar
 C - a +1 whip of freezing
   (You took it off Pikel on level 5 of the Dungeon)
 E - the +10 dark maul {crush}
   (You found it on level 6 of the Dungeon)

   It inflicts extra damage upon your enemies.
Missiles
 d - 178 arrows
 j - 2 javelins
 J - 3 tomahawks (quivered)
 Y - 338 stones
Armour
 v - a +3 ring mail of cold resistance
   (You found it on level 2 of the Dungeon)
 w - a +1 ring mail of poison resistance
   (You took it off Edmund on level 4 of the Dungeon)
 A - a +0 pair of gloves (worn)
 H - a +0 plate armour (worn)
 I - a +2 hat (worn)
Jewellery
 c - an uncursed amulet of regeneration {unknown}
 f - an uncursed ring of fire
 F - a ring of flight (left hand)
Wands
 B - a wand of iceblast (5)
 L - a wand of flame (25)
Scrolls
 k - 2 scrolls of teleportation {!r}
 m - 8 scrolls of remove curse
 r - 4 scrolls of enchant weapon
 y - 2 scrolls of magic mapping {!r}
 D - a scroll of fear {!r}
 G - 2 scrolls of blinking
Potions
 e - a potion of lignification {!q}
 i - 2 potions of heal wounds {!q}
 l - 2 potions of agility {!q}
 n - 2 potions of brilliance {!q}
 q - 2 potions of curing
 s - a potion of magic {!q}
 u - 2 potions of might {!q}
 z - 4 potions of flight
 K - a potion of invisibility {!q}
Comestibles
 g - 16 rations


   Skills:
 - Level 10.0(15.0) Fighting
 * Level 7.4(12.4) Maces & Flails
 - Level 6.3(11.3) Bows
 + Level 8.5(13.5) Armour
 - Level 1.7(6.7) Stealth
 - Level 2.1 Invocations


You had 9 spell levels left.
You didn't know any spells.
Your spell library contained the following spells:

 Spells                   Type           Power        Failure   Level  Hunger
 Animate Skeleton         Necr           N/A          100%        1    ##.....
 Corona                   Hex            #......      100%        1    ##.....
 Flame Tongue             Conj/Fire      #....        100%        1    ##.....
 Pain                     Necr           #...         100%        1    ##.....
 Slow                     Hex            #.......     100%        2    ###....
 Throw Flame              Conj/Fire      #.....       100%        2    ###....
 Conjure Flame            Conj/Fire      #.......     100%        3    ####...
 Inner Flame              Hex/Fire       #.......     100%        3    ####...
 Portal Projectile        Hex/Tloc       #.....       100%        3    ####...
 Regeneration             Chrm/Necr      #.........   100%        3    ####...
 Vampiric Draining        Necr           #.........   100%        3    ####...
 Animate Dead             Necr           N/A          100%        4    #####..
 Cause Fear               Hex            #.........   100%        4    #####..
 Leda's Liquefaction      Hex/Erth       #.........   100%        4    #####..
 Sticky Flame             Conj/Fire      #.......     100%        4    #####..
 Fireball                 Conj/Fire      #.........   100%        5    ######.


Dungeon Overview and Level Annotations

Branches:
Dungeon (9/15)             Temple (1/1) D:4            Lair (0/6) D:9
    Orc: D:9-12

Altars:
Ashenzari
Cheibriados
Dithmenos
Fedhas
Gozag
Hepliaklqana
Kikubaaqudgha
Makhleb
Nemelex Xobeh
Okawaru
Qazlal
Ru
Sif Muna
Uskayaw
Vehumet
Wu Jian
Xom
Yredelemnul
Zin
The Shining One

Shops:
D:4 *   D:5 :   D:7 %


Innate Abilities, Weirdness & Mutations

You have a pair of small horns on your head.
You are mostly covered in slimy green scales. (AC +3)
Your flesh is cold resistant. (rC+)
You regenerate a little health from kills.
You are immune to freezing clouds.


Message History

Firing (i - inventory. (/) - cycle)
d - 179 arrows (quivered)
Press: ? - help, Shift-Dir - straight line, f/p - komodo dragon
Aim: a komodo dragon You shoot an arrow.
The arrow hits the komodo dragon but does no damage.
You gain the combat prowess of a mighty hero.
You hear the crackle of electricity.
a - a +2 short sword of electrocution (weapon)
You are too injured to fight recklessly!
You are too injured to fight recklessly!
You are too injured to fight recklessly!
You are too injured to fight recklessly!
You hit the komodo dragon.
The komodo dragon is lightly wounded.
The komodo dragon bites you!!
* * * LOW HITPOINT WARNING * * *
Damage: 23 (max 23)
You completely miss the komodo dragon.
The komodo dragon is lightly wounded.
The komodo dragon bites you but does no damage.
Evoke which item? (* to show all) (? for menu, Esc to quit)
Aiming: Iceblast
Press: ? - help, Shift-Dir - straight line, p - komodo dragon The mass of ice explodes!
The iceblast engulfs the komodo dragon.
The komodo dragon is moderately wounded.
The komodo dragon bites you.
* * * LOW HITPOINT WARNING * * *
Damage: 2 (max 23) Unknown command.
The komodo dragon bites you but does no damage.
You feel like a meek peon again.
The komodo dragon bites you but does no damage.
You see here a dream sheep skeleton.
There is a stone staircase leading up here.
The komodo dragon bites you!
* * * LOW HITPOINT WARNING * * *
Damage: 7 (max 23) Unknown command.
You gain the combat prowess of a mighty hero.
The komodo dragon bites you but does no damage.
You hit the komodo dragon but do no damage.
The komodo dragon is lightly wounded.
The komodo dragon bites you.
* * * LOW HITPOINT WARNING * * *
Damage: 5 (max 23)
You hit the komodo dragon.
You headbutt the komodo dragon, but do no damage.
The komodo dragon is lightly wounded.
The komodo dragon bites you!
You die...

#########################
.............÷..........#
##.###.......##.........#
#.# #.......##.l.#####.#
#.######.#####.@.# #)#
#.##PP≈.≈.≈.##.<.# #.#
#.##P≈......##...# #.#
#.##≈≈P.....##[..#####.#
#.##P≈≈..P..##.........#
#.≈P.....#..........#
#'###'''##....####..#
#).#.....###..# #..#
#..).....# #..# #..#


You could see a komodo dragon.

Vanquished Creatures
  A hydra (D:9)
  An unseen horror (D:8)
  Pikel (D:5)
  A troll (D:9)
  2 dream sheep (D:9)
  2 hippogriffs (D:9)
  Sigmund (D:5)
  2 yaks (D:9)
  A vampire (D:9)
  A hungry ghost (D:9)
  Edmund (D:4)
  A soldier ant (D:9)
  2 water moccasins
  Purgy (D:3)
  3 orc warriors
  A sky beast (D:7)
  2 ogres (D:5)
  A centaur (D:8)
  A necrophage (D:9)
  4 big kobolds
  2 bullfrogs
  3 scorpions
  A wyvern skeleton (D:9)
  7 howler monkeys
  3 wights (D:6)
  A bullfrog zombie (D:7)
  A crimson imp (D:6)
  3 hounds
  A jelly (D:5)
  12 orc wizards
  9 orc priests
  A bullfrog skeleton (D:9)
  2 iguanas
  Terence (D:2)
  4 worker ants
  A howler monkey zombie (D:6)
  11 adders
  2 shadow imps
  2 oozes
  An adder skeleton (D:4)
  5 worms
  5 dart slugs
  A leopard gecko (D:2)
  27 orcs
  8 giant cockroaches
  5 goblins
  9 hobgoblins
  14 jackals
  9 quokkas
  A ball python (D:2)
  3 bats
  4 frilled lizards
  9 kobolds
  A leopard gecko skeleton (D:2)
  7 rats
206 creatures vanquished.

Vanquished Creatures (others)
  A giant cockroach (D:5)
  4 plants (D:9)
5 creatures vanquished.

Grand Total: 211 creatures vanquished

Notes
Turn   | Place    | Note
-------+----------+-------------------------------------------
     0 | D:1      | Gorice the Demonspawn Wanderer began the quest for the Orb.
     0 | D:1      | Gorice set off with the following items: a +2 dagger, a
                  | potion of berserk rage, a +0 shortbow, 27 arrows, a potion
                  | of lignification {!q}, a +0 robe, a ration
     0 | D:1      | Reached XP level 1. HP: 21/21 MP: 1/1
   317 | D:1      | Reached skill level 2 in Armour
   317 | D:1      | Gained mutation: Your flesh is cold resistant. (rC+)
                  | [demonic ancestry]
   317 | D:1      | Reached XP level 2. HP: 27/27 MP: 2/2
   957 | D:2      | Gained mutation: You regenerate a little health from kills.
                  | [demonic ancestry]
   957 | D:2      | Reached XP level 3. HP: 33/33 MP: 3/3
  1499 | D:2      | Noticed Terence
  1508 | D:2      | Killed Terence
  1508 | D:2      | Reached skill level 2 in Bows
  1508 | D:2      | Reached XP level 4. HP: 32/39 MP: 4/4
  1794 | D:3      | Found a basalt altar of Yredelemnul.
  2034 | D:3      | Reached skill level 3 in Armour
  2112 | D:3      | Found a sacrificial altar of Ru.
  2115 | D:3      | Gained mutation: You have a pair of small horns on your
                  | head. [demonic ancestry]
  2115 | D:3      | Reached XP level 5. HP: 46/46 MP: 5/5
  2509 | D:3      | Noticed Purgy
  2517 | D:3      | Killed Purgy
  2517 | D:3      | Reached skill level 6 in Fighting
  2517 | D:3      | Reached skill level 3 in Bows
  2517 | D:3      | Reached XP level 6. HP: 49/52 MP: 6/6
  2686 | D:4      | Found a staircase to the Ecumenical Temple.
  2723 | Temple   | Entered the Ecumenical Temple
  2885 | Temple   | Became a worshipper of Warmaster Okawaru
  2897 | D:4      | Found Liocseq's General Store.
  3126 | D:3      | Reached skill level 4 in Armour
  3223 | D:4      | Found a snail-covered altar of Cheibriados.
  3337 | D:4      | Gained mutation: You are partially covered in slimy green
                  | scales. (AC +2) [demonic ancestry]
  3337 | D:4      | Reached XP level 7. HP: 45/59 MP: 7/7
  3971 | D:5      | Entered Level 5 of the Dungeon
  3996 | D:4      | Reached skill level 4 in Bows
  4195 | D:5      | Noticed Edmund
  4224 | D:4      | Killed Edmund
  4224 | D:4      | Reached * piety under Okawaru
  4224 | D:4      | Reached skill level 7 in Fighting
  4389 | D:5      | Reached skill level 1 in Invocations
  4400 | D:5      | Found Caneutaa's Book Shop.
  4561 | D:5      | Reached skill level 5 in Armour
  4561 | D:5      | Gained mutation: You are mostly covered in slimy green
                  | scales. (AC +3) [demonic ancestry]
  4561 | D:5      | Reached XP level 8. HP: 44/67 MP: 9/9
  4562 | D:5      | Reached ** piety under Okawaru
  4562 | D:5      | Reached skill level 2 in Invocations
  4672 | D:5      | Noticed Sigmund
  4750 | D:5      | Noticed Pikel
  4766 | D:5      | Killed Pikel
  4766 | D:5      | Reached skill level 8 in Fighting
  4766 | D:5      | Reached skill level 5 in Bows
  4974 | D:5      | Killed Sigmund
  4974 | D:5      | Reached skill level 6 in Armour
  5130 | D:6      | Reached skill level 6 in Bows
  5294 | D:6      | Reached *** piety under Okawaru
  5294 | D:6      | Gained mutation: You are immune to freezing clouds.
                  | [demonic ancestry]
  5294 | D:6      | Reached XP level 9. HP: 55/75 MP: 10/10
  6085 | D:6      | Found the +10 dark maul {crush}
  6317 | D:7      | Reached skill level 1 in Maces & Flails
  6466 | D:7      | Found Elomyvi's Food Shop.
  6597 | D:7      | Reached skill level 2 in Maces & Flails
  7118 | D:8      | Reached skill level 9 in Fighting
  7269 | D:8      | Reached skill level 3 in Maces & Flails
  7321 | D:8      | Reached skill level 7 in Armour
  7521 | D:8      | Killed an unseen horror
  7521 | D:8      | Reached **** piety under Okawaru
  7521 | D:8      | Reached skill level 4 in Maces & Flails
  7838 | D:8      | Reached XP level 10. HP: 83/83 MP: 11/11
  8190 | D:9      | Reached skill level 5 in Maces & Flails
  8457 | D:9      | HP: 17/83 [troll (10)]
  8463 | D:9      | Received a gift from Okawaru
  8900 | D:9      | Reached skill level 6 in Maces & Flails
  9073 | D:9      | Received a gift from Okawaru
  9081 | D:9      | Reached skill level 8 in Armour
  9339 | D:9      | Reached skill level 10 in Fighting
  9390 | D:9      | Noticed a three-headed hydra
  9396 | D:9      | Killed a one-headed hydra
  9396 | D:9      | Reached skill level 7 in Maces & Flails
  9434 | D:9      | Found a staircase to the Lair.
  9525 | D:9      | HP: 18/84 [komodo dragon (23)]
  9565 | D:9      | HP: 18/84 [komodo dragon (7)]
  9568 | D:9      | Slain by a komodo dragon

Vault maps used:
D:1:      minmay_arrival_jagged, roderic_roman_lattice
D:2:      minivault_11, uniq_terence
D:3:      lemuel_doored_altar, nicolae_ru_great_annihilating_truth, uniq_purgy
D:4:      kennysheep_little_box, minmay_temple_entry_slanted, serial_shops,
          shop, first_ration
D:5:      serial_shops, shop, uniq_edmund, uniq_sigmund, uniq_pikel
D:6:      ebering_dispersal_statue_hall
D:7:      serial_shops, nicolae_shop_competitors_out_of_business
D:8:      serial_glass, glass_columns_a, glass_columns_c,
          hangedman_abyss_or_decor_stabs
D:9:      nicolae_overflow_hidden_temple, david_lair_shrubbed, hangedman_ranch,
          minmay_crystal_room
Temple:   minmay_crystal_spiral_temple

Skill      XL: |  1  2  3  4  5  6  7  8  9 10 |
---------------+-------------------------------+-----
Armour         | 2 3 4 5 6 7 8 |  8.5
Bows           | 2 3 4 6 |  6.3
Fighting       | 6 7 8 9 10 | 10.0
Invocations    | 1 2 |  2.1
Maces & Flails | 4 7 |  7.4
Stealth        | |  1.7

Action                   |  1- 3 |  4- 6 |  7- 9 | 10-12 || total
-------------------------+-------+-------+-------+-------++-------
Melee: Dagger            |    13 |       |       |       ||    13
       Short sword       |    27 |   100 |   282 |   151 ||   560
       Headbutt          |       |     9 |    43 |    22 ||    74
       Hand axe          |       |       |       |     3 ||     3
 Fire: Shortbow          |    58 |    82 |   162 |    84 ||   386
Throw: Tomahawk          |       |       |       |     1 ||     1
Invok: Heroism           |       |       |     2 |     6 ||     8
Evoke: Wand              |       |       |       |     2 ||     2
  Use: Scroll            |     4 |     5 |     8 |     1 ||    18
       Potion            |       |       |       |     2 ||     2
  Eat: Chunk             |     2 |     5 |    15 |     6 ||    28
       Ration            |       |       |       |     1 ||     1
Armor: Ring mail         |     8 |    46 |    66 |       ||   120
       Scale mail        |    11 |     5 |       |       ||    16
       Plate armour      |       |       |   125 |   155 ||   280
Dodge: Dodged            |    24 |    38 |   100 |    33 ||   195

Table legend:
 A = Non-vault XP
 B = Vault XP
 C = Vault XP percentage of total XP
 D = Non-vault monster count
 E = Vault monster count
 F = Vault count percentage of total count
                 A         B        C        D         E       F
            +---------+---------+-------+---------+---------+-------
      Total |    6156 |    3459 |  36.0 |     189 |      17 |   8.3
            +---------+---------+-------+---------+---------+-------
        D:1 |      36 |       0 |   0.0 |      17 |       0 |   0.0
        D:2 |      43 |      36 |  45.6 |      20 |       1 |   4.8
        D:3 |     149 |     189 |  55.9 |      26 |       5 |  16.1
        D:4 |     422 |     166 |  28.2 |      28 |       1 |   3.4
        D:5 |     571 |     897 |  61.1 |      15 |       2 |  11.8
        D:6 |     675 |       0 |   0.0 |      12 |       0 |   0.0
        D:7 |     717 |       0 |   0.0 |      20 |       0 |   0.0
        D:8 |    1637 |       0 |   0.0 |      29 |       0 |   0.0
        D:9 |    1906 |    2171 |  53.2 |      22 |       8 |  26.7
            +---------+---------+-------+---------+---------+-------

Table legend:
 A = Turns spent in this place as a percentage of turns spent in the entire game.
 B = Non-inter-level travel turns spent in this place as a percentage of non-inter-level travel turns spent in the entire game.
 C = Inter-level travel turns spent in this place as a percentage of turns spent in this place.
 D = Turns resting spent in this place as a percentage of non-inter-level travel turns spent in this place.
 E = Turns spent auto-exploring this place as a percentage of non-inter-level travel turns spent in this place.
 F = Non-inter-level travel turns spent in this place divided by the number of levels of this place that you've seen.
                   A       B       C       D       E      F
               +-------+-------+-------+-------+-------+----------------------
         Total | 100.0 | 100.0 |   3.5 |  15.8 |  44.7 | 923.0
       Dungeon |  98.2 |  99.0 |   2.8 |  16.0 |  44.3 | 1015.1
        Temple |   1.8 |   1.0 |  45.0 |   0.0 |  84.0 |  94.0
               +-------+-------+-------+-------+-------+----------------------

Vault maps used:
D:1:      minmay_arrival_jagged, roderic_roman_lattice
D:2:      minivault_11, uniq_terence
D:3:      lemuel_doored_altar, nicolae_ru_great_annihilating_truth, uniq_purgy
D:4:      kennysheep_little_box, minmay_temple_entry_slanted, serial_shops,
          shop, first_ration
D:5:      serial_shops, shop, uniq_edmund, uniq_sigmund, uniq_pikel
D:6:      ebering_dispersal_statue_hall
D:7:      serial_shops, nicolae_shop_competitors_out_of_business
D:8:      serial_glass, glass_columns_a, glass_columns_c,
          hangedman_abyss_or_decor_stabs
D:9:      nicolae_overflow_hidden_temple, david_lair_shrubbed, hangedman_ranch,
          minmay_crystal_room
Temple:   minmay_crystal_spiral_temple
